 Dungeon Crawl Stone Soup version 0.23.1 (webtiles) character file.

Game seed: 1639735186041132692

10849 Ethylacetat the Carver (level 11, -7/106 HPs)
             Began as a Naga Gladiator on Mar 4, 2019.
             Was a High Priest of Cheibriados.
             Mangled by a white ugly thing (34 damage)
             ... on level 11 of the Dungeon.
             The game lasted 00:39:18 (11908 turns).

Ethylacetat the Carver (Naga Gladiator)            Turns: 11908, Time: 00:39:22

Health: -7/106     AC: 16    Str: 38    XL:     11   Next: 68%
Magic:  18/18      EV: 10    Int: 26    God:    Cheibriados [*****.]
Gold:   570        SH:  0    Dex: 34    Spells: 10/10 levels left

rFire    . . .     SeeInvis +   G - +1 rapier (venom)
rCold    . . .     Gourm    .   (no shield)
rNeg     . . .     Faith    .   I - +4 robe of Augmentation {Str+4 Int+4 Dex+4}
rPois    +         Spirit   .   c - +0 helmet
rElec    .         Reflect  .   x - +2 cloak {MR+}
rCorr    .         Harm     .   (no gloves)
MR       ++...                  w - +0 naga barding
Stlth    +++.......             A - amulet of regeneration
HPRegen  0.67/turn              m - ring of wizardry
MPRegen  0.16/turn              a - +3 ring of dexterity

@: very slow
A: large, see invisible, deformed body, poison resistance, slowness 2, slow
metabolism 1, spit poison 1, AC +3
a: Spit Poison, Bend Time, Temporal Distortion, Slouch, Step From Time, Renounce
Religion


You were on level 11 of the Dungeon.
You worshipped Cheibriados.
Cheibriados was extremely pleased with you.
You were not hungry.

You visited 2 branches of the dungeon, and saw 12 of its levels.
You also visited: Bailey.

You collected 570 gold pieces.

Inventory:

Hand Weapons
 g - a +2 long sword of freezing
 o - a +5 short sword
 s - a +0 blowgun
 D - a +0 shortbow
 G - a +1 rapier of venom (weapon)
Missiles
 b - 69 tomahawks of returning (quivered)
 k - 194 arrows
 t - 5 curare-tipped needles
Armour
 c - a +0 helmet (worn)
 w - a +0 naga barding (worn)
 x - a +2 cloak of magic resistance (worn)
 I - the +4 robe of Augmentation (worn) {Str+4 Int+4 Dex+4}
   (You found it on level 7 of the Dungeon)

   It affects your strength (+4).
   It affects your intelligence (+4).
   It affects your dexterity (+4).
Jewellery
 a - a +3 ring of dexterity (right hand)
 m - a ring of wizardry (left hand)
 A - an amulet of regeneration (around neck)
Wands
 d - a wand of flame (22)
 H - a wand of scattershot (5)
 L - a wand of enslavement (7)
Scrolls
 e - 12 scrolls of teleportation {unknown}
 i - 6 scrolls of enchant armour {unknown}
 l - 4 scrolls of remove curse {unknown}
 n - 2 scrolls of immolation {unknown}
 r - 2 scrolls of blinking {unknown}
 v - 4 scrolls of enchant weapon {unknown}
 y - a scroll of amnesia {unknown}
 z - 6 scrolls of identify {unknown}
 E - 2 scrolls of fog {unknown}
 N - a scroll of magic mapping {unknown}
 P - a scroll of fear {unknown}
 Q - a scroll of acquirement {unknown}
Potions
 h - 2 potions of cancellation
 j - a potion of magic
 p - 5 potions of mutation {unknown}
 q - 2 potions of haste
 u - 2 potions of degeneration {unknown}
 B - 3 potions of agility {unknown}
 C - 2 potions of brilliance {unknown}
 F - 8 potions of flight {unknown}
 J - 3 potions of heal wounds
 K - 4 potions of curing
 M - a potion of resistance {unknown}
 O - 5 potions of might
 S - a potion of lignification {unknown}
Comestibles
 f - 26 rations
 R - 8 chunks of flesh


   Skills:
 + Level 9.1 Fighting
 * Level 12.5 Long Blades
 + Level 1.8 Bows
 - Level 1.7 Throwing
 - Level 2.4 Dodging
 * Level 10.4 Invocations


You had 10 spell levels left.
You didn't know any spells.
Your spell library contained the following spells:

 Spells                   Type           Power        Failure   Level  Hunger
 Beastly Appendage        Tmut           #.....       5%          1    ##.....
 Sticks to Snakes         Tmut           #.......     8%          2    ###....
 Spider Form              Tmut/Pois      #.........   16%         3    ####...
 Ice Form                 Ice/Tmut       #.......     43%         4    #####..
 Blade Hands              Tmut           #.........   77%         5    ######.


Dungeon Overview and Level Annotations

Branches:
Dungeon (11/15)            Temple (1/1) D:6            Lair (0/6) D:11
    Orc: D:9-12

Altars:
Ashenzari
Cheibriados
Dithmenos
Elyvilon
Fedhas
Gozag
Hepliaklqana
Kikubaaqudgha
Makhleb
Nemelex Xobeh
Okawaru
Qazlal
Ru
Sif Muna
Trog
Uskayaw
Vehumet
Wu Jian
Xom
Yredelemnul
Zin

Shops:
D:4 *

Annotations:
D:8 3 runed translucent doors, Jabberih's ghost, novice DsMo


Innate Abilities, Weirdness & Mutations

You cannot wear boots.
Your serpentine skin is tough. (AC +3)
You have supernaturally acute eyesight. (SInv)
Armour fits poorly on your strangely shaped body.
Your system is resistant to poisons. (rPois)
You cover ground very slowly.
You have a slow metabolism.
You can spit poison.


Message History

The white ugly thing is heavily wounded.
The white ugly thing bites you! The white ugly thing freezes you!
You completely miss the white ugly thing.
The white ugly thing is severely wounded.
You puncture the white ugly thing!
The white ugly thing is almost dead.
The white ugly thing bites you. The white ugly thing freezes you!!
You are too injured to fight recklessly!
You are too injured to fight recklessly!
You hit the white ugly thing.
The white ugly thing is almost dead.
The white ugly thing bites you. The white ugly thing freezes you!
* * * LOW HITPOINT WARNING * * *
You hit the white ugly thing but do no damage.
The white ugly thing looks as sick as possible!
The white ugly thing is almost dead.
The white ugly thing bites you.
* * * LOW HITPOINT WARNING * * *
The white ugly thing freezes you!!
You die...

#...........# #.^#
# .........[[.# #.#
............#####.#
.......#.......##.#
......###.####.##.#
....#..#.####...#.#
#>#...............#
#.#.#########...#.#
#.# #.#.@## #.#
##.##u# #.# ##


oo. #.# .(... #.# .....>. #.# ....... #.. ....... .#..... You could see a white
ugly thing, an orc warrior and an orc.

Vanquished Creatures
  Erolcha (D:10)
  A flayed ghost (D:10)
  An orc knight (Bailey)
  Joseph (D:9)
  A queen bee (D:8)
  2 trolls (D:10)
  Grinder (D:3)
  3 hippogriffs
  Eustachio (D:4)
  2 fire bats (D:10)
  5 wraiths (D:10)
  6 yaks (D:9)
  2 wargs (D:11)
  Edmund (D:4)
  A water moccasin (D:9)
  A sky beast (D:7)
  A black bear (D:10)
  5 orc warriors
  2 phantoms
  An ice beast (D:10)
  2 necrophages
  6 ogres
  3 centaurs
  A gnoll sergeant (D:7)
  2 bullfrogs
  7 scorpions
  21 killer bees
  4 wights (D:8)
  A howler monkey (D:6)
  A centaur zombie (D:9)
  4 crimson imps
  3 jellies
  A quasit (D:9)
  3 orc priests
  4 hounds
  Jessica (D:3)
  A bullfrog skeleton (D:7)
  An iguana (D:11)
  11 orc wizards
  8 worker ants
  A hound zombie (D:8)
  A worker ant zombie (D:8)
  A howler monkey zombie (D:7)
  12 adders
  20 gnolls
  2 shadow imps
  An adder skeleton (D:9)
  4 worms
  6 dart slugs
  5 leopard geckos
  32 orcs
  21 bats
  8 giant cockroaches
  16 goblins
  19 hobgoblins
  10 jackals
  4 quokkas
  2 ball pythons
  4 frilled lizards
  A jackal skeleton (D:7)
  A jackal zombie (D:5)
  20 kobolds
  4 quokka skeletons
  6 rats
  A spectral orc (D:6)
326 creatures vanquished.

Notes
Turn   | Place    | Note
-------+----------+-------------------------------------------
     0 | D:1      | Ethylacetat the Naga Gladiator began the quest for the Orb.
     0 | D:1      | Reached XP level 1. HP: 19/19 MP: 1/1
   120 | D:1      | Reached XP level 2. HP: 3/26 MP: 2/2
   595 | D:1      | Reached XP level 3. HP: 32/33 MP: 3/3
  1185 | D:2      | Reached skill level 4 in Long Blades
  1257 | D:2      | Reached XP level 4. HP: 19/40 MP: 4/4
  2230 | D:2      | Reached XP level 5. HP: 28/49 MP: 5/5
  2688 | D:2      | Found a hide-covered altar of Uskayaw.
  2693 | D:2      | Reached skill level 5 in Long Blades
  3141 | D:3      | Noticed Jessica
  3159 | D:3      | Killed Jessica
  3488 | D:3      | Noticed Grinder
  3494 | D:3      | Paralysed by Grinder for 2 turns
  3505 | D:3      | Paralysed by Grinder for 2 turns
  3514 | D:3      | Killed Grinder
  3514 | D:3      | Reached skill level 6 in Long Blades
  3514 | D:3      | Reached XP level 6. HP: 33/57 MP: 6/6
  3869 | D:4      | Found Boidafoy's Assorted Antiques.
  4024 | D:4      | Reached XP level 7. HP: 66/66 MP: 7/7
  4765 | D:5      | Entered Level 5 of the Dungeon
  4814 | D:5      | Noticed Edmund
  4815 | D:5      | Noticed Eustachio
  4833 | D:4      | Reached skill level 7 in Long Blades
  5007 | D:4      | Killed Edmund
  5007 | D:4      | Reached skill level 5 in Fighting
  5216 | D:4      | Killed Eustachio
  5216 | D:4      | Reached XP level 8. HP: 74/74 MP: 8/8
  5337 | D:5      | Found a bloodstained altar of Trog.
  5339 | D:5      | Found a sparkling altar of Nemelex Xobeh.
  5364 | D:5      | Reached skill level 8 in Long Blades
  5827 | D:6      | Found a staircase to the Ecumenical Temple.
  5854 | Temple   | Entered the Ecumenical Temple
  6034 | Temple   | Became a worshipper of Cheibriados the Contemplative
  6129 | D:6      | Reached skill level 1 in Invocations
  6188 | D:6      | Found a basalt altar of Yredelemnul.
  6384 | D:6      | Found a basalt altar of Yredelemnul.
  6553 | D:7      | Noticed a hippogriff
  6565 | D:7      | Killed a hippogriff
  6565 | D:7      | Reached skill level 9 in Long Blades
  6635 | D:7      | Reached XP level 9. HP: 64/83 MP: 11/11
  6642 | D:7      | Found the +4 robe of Augmentation {Str+4 Int+4 Dex+4}
  6873 | D:7      | Reached * piety under Cheibriados
  7199 | D:7      | Reached skill level 5 in Invocations
  7335 | D:7      | Reached skill level 10 in Long Blades
  7342 | D:7      | Reached ** piety under Cheibriados
  7384 | D:7      | Found an ornate altar of the Wu Jian Council.
  7392 | D:7      | Found a stormy altar of Qazlal.
  7419 | D:7      | Found a radiant altar of Vehumet.
  7447 | D:7      | Found a glowing silver altar of Zin.
  7693 | D:8      | Noticed a queen bee
  7702 | D:8      | Killed a queen bee
  7709 | D:8      | Reached XP level 10. HP: 19/94 MP: 14/14
  7726 | D:8      | Reached *** piety under Cheibriados
  7732 | D:8      | HP: 3/94 [killer bee (6)]
  7929 | D:8      | Found a deep blue altar of Sif Muna.
  8440 | D:8      | Reached skill level 11 in Long Blades
  8460 | D:8      | Found a runed translucent gate.
  8460 | D:8      | Found a runed translucent gate.
  8460 | D:8      | Found a runed translucent gate.
  8460 | D:8      | Noticed Jabberih's ghost (novice DsMo)
  8883 | D:9      | Reached **** piety under Cheibriados
  9021 | D:9      | Found an opulent altar of Gozag.
  9243 | D:9      | Noticed Joseph
  9295 | D:9      | Killed Joseph
  9476 | D:9      | Found a shimmering altar of Xom.
  9478 | D:9      | Found a shimmering altar of Xom.
  9479 | D:9      | Found a shimmering altar of Xom.
  9485 | D:9      | Found a shimmering altar of Xom.
  9486 | D:9      | Found a shimmering altar of Xom.
  9729 | D:10     | Entered Level 10 of the Dungeon
  9968 | D:10     | Reached XP level 11. HP: 104/104 MP: 17/17
 10123 | D:10     | Noticed Erolcha
 10133 | D:10     | Killed Erolcha
 10133 | D:10     | Reached skill level 12 in Long Blades
 10234 | D:10     | Found a runed translucent door.
 10296 | D:10     | Found a sacrificial altar of Ru.
 10305 | D:10     | Found a white marble altar of Elyvilon.
 10326 | D:10     | Found an iron altar of Okawaru.
 10346 | D:10     | Found a shimmering altar of Xom.
 10404 | D:10     | Found a glowing silver altar of Zin.
 10492 | D:10     | Found a sacrificial altar of Ru.
 10846 | D:10     | Noticed a flayed ghost
 10870 | D:10     | Killed a flayed ghost
 10870 | D:10     | Reached skill level 10 in Invocations
 11051 | D:11     | Noticed a seven-headed hydra
 11114 | D:10     | Reached skill level 1 in Bows
 11268 | D:11     | Found a flagged portal.
 11279 | Bailey   | Entered a bailey
 11289 | Bailey   | Reached ***** piety under Cheibriados
 11357 | Bailey   | Noticed an orc knight
 11541 | Bailey   | Killed an orc knight
 11816 | D:11     | Noticed a white ugly thing
 11889 | D:11     | Found a staircase to the Lair.
 11908 | D:11     | Mangled by a white ugly thing

Skill      XL: |  1  2  3  4  5  6  7  8  9 10 11 |
---------------+----------------------------------+-----
Long Blades    | 4 6 7 9 10 11 12 | 12.5
Fighting       | 3 4 5 6 7 8 9 |  9.1
Invocations    | 3 6 9 10 | 10.4
Bows           | 1 |  1.8
Throwing       | |  1.7
Dodging        | |  2.4

Action                   |  1- 3 |  4- 6 |  7- 9 | 10-12 || total
-------------------------+-------+-------+-------+-------++-------
Melee: Long sword        |    84 |   163 |   123 |       ||   370
       Rapier            |       |       |   255 |   514 ||   769
       Short sword       |       |       |       |   111 ||   111
Throw: Throwing net      |     1 |     3 |     1 |       ||     5
Invok: Slouch            |       |       |       |     2 ||     2
 Abil: Spit Poison       |     5 |    18 |     3 |     2 ||    28
  Use: Potion            |       |       |     1 |     8 ||     9
 Stab: Sleeping          |     1 |     1 |     1 |     3 ||     6
       Distracted        |       |       |       |     2 ||     2
  Eat: Chunk             |     1 |     8 |    11 |    10 ||    30
Armor: Leather armour    |    40 |    67 |   129 |       ||   236
       Robe              |       |       |   105 |   327 ||   432
Dodge: Dodged            |    79 |    80 |   216 |   354 ||   729
       Rpst.: Long sword |    19 |    26 |    26 |       ||    71
